 Dungeon Crawl Stone Soup version 0.19-a0-1740-g0bcaf2e (webtiles) character file.

341 hairmachine the Conjurer (level 6, -5/32 HPs)
             Began as a Deep Elf Conjurer on Oct 1, 2016.
             Was a Follower of Sif Muna.
             Slain by Grinder (7 damage)
             ... while paralysed by Grinder
             ... on level 4 of the Dungeon.
             The game lasted 00:12:19 (4610 turns).

hairmachine the Conjurer (Deep Elf Conjurer)        Turns: 4610, Time: 00:12:19

Health: -5/32      AC:  3    Str:  5    XL:     6   Next: 30%
Magic:  11/14      EV:  2    Int: 22    God:    Sif Muna [*.....]
Gold:   209        SH:  0    Dex: 15    Spells: 4 memorised, 3 levels left

rFire  . . .     SeeInvis .     r - +6 rapier (elec)
rCold  . . .     Gourm    .     a - +0 robe
rNeg   . . .     Faith    +     (no shield)
rPois  .         Spirit   .     h - +0 helmet
rElec  .         Dismiss  .     (no cloak)
rCorr  .         Reflect  .     (no gloves)
MR     .....     Harm     .     (no boots)
Stlth  ++........               m - amulet of faith
                                (no ring)
                                (no ring)

@: paralysed
A: no striking features
a: Divine Energy, Renounce Religion


You were on level 4 of the Dungeon.
You worshipped Sif Muna.
Sif Muna was aware of your devotion.
You were not hungry.

You visited 1 branch of the dungeon, and saw 4 of its levels.

You collected 209 gold pieces.

Inventory:

Hand Weapons
 r - a +6 rapier of electrocution (weapon)
Armour
 a - a +0 robe (worn)
 h - a +0 helmet (worn)
Jewellery
 m - an amulet of faith (around neck)
Wands
 s - a wand of polymorph (13/24)
Scrolls
 d - a scroll of amnesia {unknown}
 e - a scroll of noise {unknown}
 i - a scroll of enchant weapon {unknown}
 k - a scroll of recharging {unknown}
 o - a scroll of enchant armour {unknown}
 q - a scroll of teleportation
Potions
 f - a potion of berserk rage
 g - a potion of flight {unknown}
 l - a potion of ambrosia {unknown}
 n - 2 potions of curing {unknown}
Books
 b - a book of Conjurations

   Spells                             Type                      Level
   a - Magic Dart                     Conjuration                  1
   b - Searing Ray                    Conjuration                  2
   c - Dazzling Spray                 Conjuration/Hexes            3
   d - Fulminant Prism                Conjuration/Hexes            4
   e - Iskenderun's Mystic Blast      Conjuration                  4
   f - Iskenderun's Battlesphere      Conjuration/Charms           5
Comestibles
 c - a bread ration
 j - 2 meat rations
 p - a chunk of flesh


   Skills:
 - Level 1.6 Short Blades
 - Level 2.4 Dodging
 - Level 2.4 Stealth
 + Level 4.2 Spellcasting
 + Level 7.0 Conjurations
 - Level 3.3 Hexes


You had 3 spell levels left.
You knew the following spells:

 Your Spells              Type           Power        Failure   Level  Hunger
a - Magic Dart            Conj           ####         1%          1    None
b - Searing Ray           Conj           #####.       1%          2    #......
c - Dazzling Spray        Conj/Hex       ####..       4%          3    ##.....
d - Iskenderun's Mystic   Conj           #####...     8%          4    ####...


Dungeon Overview and Level Annotations

Branches:
Dungeon (4/15)             Temple (0/1) D:4

Altars:
Dithmenos
Fedhas
Hepliaklqana
Makhleb
Sif Muna
Trog
The Shining One

Annotations:
D:4 Grinder


Message History

Grinder shouts!
Grinder gestures at you. Pain shoots through your body!
The searing ray hits Grinder.
Grinder is moderately wounded.
Grinder gestures at you.
You suddenly lose the ability to move!
Grinder says, "You look like you could use a good racking."
Grinder hits you!
You writhe in agony.
* * * LOW HITPOINT WARNING * * *
Grinder says, "Just stop there for a second..."
Grinder hits you.
* * * LOW HITPOINT WARNING * * *
You writhe in agony.
* * * LOW HITPOINT WARNING * * *
Grinder hits you but does no damage. Grinder gestures at you.
You struggle to resist.
Grinder hits you!
You die...

# ...##.###### ###
>.[....5@..# ### ##.#
#..###.####..# #.#####..#
#.. #. #.## #.##.....##
#..###.####.####.##......#
..<....(.........#####.#.#
..........................
......[.###.####.#####.##.
............# #.# #.##.
.........#### #.# #.###


You could see Grinder.

Vanquished Creatures
  The ghost of Ruebezahl the Conjurer, an amateur DECj of Vehumet (D:4)
  A howler monkey (D:4)
  2 worker ants (D:4)
  The ghost of p0werm0de the Digger, a weakling VSEE (D:3)
  3 gnolls (D:3)
  7 adders
  A worm (D:3)
  2 dart slugs (D:1)
  4 leopard geckos
  2 orcs (D:4)
  9 bats
  4 giant cockroaches
  10 goblins
  4 hobgoblins
  10 jackals
  8 kobolds
  2 frilled lizards (D:1)
  5 rats
76 creatures vanquished.

Notes
Turn   | Place    | Note
-------+----------+-------------------------------------------
     0 | D:1      | hairmachine the Deep Elf Conjurer began the quest for the Orb.
     0 | D:1      | Reached XP level 1. HP: 10/10 MP: 6/6
   228 | D:1      | Reached XP level 2. HP: 14/15 MP: 4/8
   243 | D:1      | Reached skill level 5 in Conjurations
   406 | D:1      | Learned a level 2 spell: Searing Ray
   755 | D:1      | Reached XP level 3. HP: 16/19 MP: 6/9
  1281 | D:2      | Found a hazy altar of Hepliaklqana.
  1365 | D:2      | Found a glowing golden altar of the Shining One.
  1610 | D:2      | Reached skill level 6 in Conjurations
  1660 | D:2      | Learned a level 3 spell: Dazzling Spray
  1727 | D:2      | Reached XP level 4. HP: 20/24 MP: 7/10
  1990 | D:2      | Found a deep blue altar of Sif Muna.
  1996 | D:2      | Became a worshipper of Sif Muna the Loreminder
  2069 | D:3      | Reached skill level 1 in Hexes
  2094 | D:3      | Noticed p0werm0de's ghost (weakling VSEE)
  2112 | D:3      | Killed p0werm0de's ghost
  2222 | D:3      | Found a burning altar of Makhleb.
  2634 | D:3      | Found a shadowy altar of Dithmenos.
  2674 | D:3      | Reached XP level 5. HP: 28/28 MP: 7/11
  2693 | D:3      | Learned a level 4 spell: Iskenderun's Mystic Blast
  3311 | D:3      | Found a blossoming altar of Fedhas.
  3311 | D:3      | Found a bloodstained altar of Trog.
  3557 | D:4      | Found a staircase to the Ecumenical Temple.
  3570 | D:4      | Reached skill level 1 in Short Blades
  3677 | D:4      | Noticed Ruebezahl's ghost (amateur DECj)
  3689 | D:4      | Noticed Grinder
  4133 | D:4      | Killed Ruebezahl's ghost
  4133 | D:4      | Reached * piety under Sif Muna
  4133 | D:4      | Reached XP level 6. HP: 25/32 MP: 3/14
  4313 | D:4      | Reached skill level 7 in Conjurations
  4510 | D:4      | Paralysed by Grinder for 7 turns
  4605 | D:4      | Paralysed by Grinder for 7 turns
  4607 | D:4      | HP: 1/32 [Grinder (3)]
  4610 | D:4      | Slain by Grinder

Vault maps used:
D:1:      lightli_arrival_statuegarden, minivault_23
D:2:      led_sif_pool, nicolae_overflow_crystal_walls,
          nicolae_tso_carved_into_rock
D:3:      nicolae_overflow_hidden_temple, old_standard_altar,
          gammafunk_temple_overflow_elements, minmay_door_square,
          dk_noncrumbling_3
D:4:      minmay_wonky_spiral, minmay_small_thing, uniq_grinder

Skill      XL: |  1  2  3  4  5  6 |
---------------+-------------------+-----
Conjurations   | 5 6 7 |  7.0
Hexes          | 2 3 |  3.3
Short Blades   | 1 |  1.6
Spellcasting   | 4 |  4.2
Dodging        | |  2.4
Stealth        | |  2.4

Action                   |  1- 3 |  4- 6 || total
-------------------------+-------+-------++-------
Melee: Rapier            |       |     5 ||     5
 Cast: Magic Dart        |    61 |    50 ||   111
       Searing Ray       |     5 |    14 ||    19
       Iskenderun's Myst |       |     7 ||     7
       Dazzling Spray    |       |     1 ||     1
  Use: Scroll            |       |     3 ||     3
 Stab: Sleeping          |       |     1 ||     1
  Eat: Chunk             |     2 |    11 ||    13
Armor: Robe              |     2 |     8 ||    10
Dodge: Dodged            |    14 |    23 ||    37
